 Dungeon Crawl Stone Soup version 0.24.0-123-gd5b16e6ec5 (webtiles) character file.

Game seed: 14301124613033918945, levelgen mode: deterministic

597 Bergy the Basher (level 7, -2/41 HPs)
             Began as a Gargoyle Fighter on Dec 28, 2019.
             Slain by an ogre
             ... wielding a +0 giant club
              (15 damage)
             ... on level 4 of the Dungeon.
             The game lasted 00:09:49 (3261 turns).

Bergy the Basher (Gargoyle Fighter)                 Turns: 3261, Time: 00:09:50

Health: -2/41      AC: 11    Str: 22    XL:     7   Next: 40%
Magic:  7/7        EV:  9    Int:  8    God:
Gold:   255        SH: 14    Dex:  9    Spells: 6/6 levels left

rFire    . . .     SeeInvis .   a - +0 flail
rCold    . . .     Gourm    .   t - +0 large shield
rNeg     + . .     Faith    .   b - +0 scale mail
rPois    ∞         Spirit   .   (no helmet)
rElec    +         Reflect  .   (no cloak)
rCorr    .         Harm     .   (no gloves)
MR       .....                  (no boots)
Stlth    ..........             (no amulet)
HPRegen  0.13/turn              (no ring)
MPRegen  0.10/turn              r - +4 ring of evasion

@: no status effects
A: negative energy resistance 1, electricity resistance, unbreathing,
petrification resistance, rot immunity, AC +4
a: no special abilities


You were on level 4 of the Dungeon.
You were not hungry.

You visited 1 branch of the dungeon, and saw 4 of its levels.

You collected 255 gold pieces.

Inventory:

Hand Weapons
 a - a +0 flail (weapon)
Armour
 b - a +0 scale mail (worn)
 c - a +0 shield
 t - a +0 large shield (worn)
Jewellery
 r - a +4 ring of evasion (right hand)
Wands
 q - a wand of acid (8)
Scrolls
 g - 2 scrolls of identify
 i - 2 scrolls of remove curse
 k - 4 scrolls of teleportation
 l - 2 scrolls of blinking {unknown}
 o - 2 scrolls of amnesia {unknown}
 p - a scroll of enchant armour {unknown}
Potions
 d - 2 potions of might
 e - 2 potions of degeneration {unknown}
 h - 2 potions of agility {unknown}
 m - a potion of flight {unknown}
 n - a potion of brilliance {unknown}
 s - 2 potions of curing
 u - a potion of magic {unknown}
 v - 2 potions of ambrosia {unknown}
Comestibles
 f - 8 rations
 w - 6 chunks of flesh


   Skills:
 - Level 3.2 Fighting
 * Level 8.0 Maces & Flails
 - Level 3.2 Armour
 - Level 3.2 Shields


You had 6 spell levels left.
You didn't know any spells.
Your spell library was empty.

Dungeon Overview and Level Annotations

Branches:
Dungeon (4/15)
 Temple: D:4-7

Altars:


Innate Abilities, Weirdness & Mutations

You are resistant to torment.
Your stone body is resilient. (AC +4)
You are immune to poison.
You resist negative energy. (rN+)
You are resistant to electric shocks. (rElec)
You can survive without breathing.
You are immune to petrification.
You are immune to rotting.


Message History

You feel better. You block the ogre's attack.
Your shield prevents you from hitting the ogre.
Some of the chunks of flesh in your inventory have rotted away.
Your shield prevents you from hitting the ogre.
The ogre barely misses you.
Your shield and scale mail prevent you from hitting the ogre.
You block the ogre's attack.
You hit the ogre.
The ogre is lightly wounded.
You block the ogre's attack.
You sock the ogre!
The ogre is severely wounded.
The ogre hits you with a +0 giant club!
You hit the ogre.
The ogre is almost dead.
You block the ogre's attack.
You hit the ogre.
The ogre is almost dead.
The ogre hits you with a +0 giant club!
You die...

#.#########.#.# ####
#.# #.#.# ...###.##
#.#.# ##......# #.#.#
#..#...# #.#.#
#..#...## #.#.#
##.........#####.#.##
....................##
##.........#####@#...#
#..#)..#### #O##..#
##..#...# #.##..#
.......... #.##..#
##[.###### #.##..#
#.... ..##..## #.#
####...# #.#.#
####.#.########


You could see an ogre.

Vanquished Creatures
  An ogre (D:4)
  A crimson imp (D:4)
  A hound (D:4)
  An orc priest (D:4)
  Jessica (D:2)
  3 orc wizards (D:4)
  5 worker ants (D:4)
  Natasha (D:4)
  8 adders
  An adder skeleton (D:4)
  A worm (D:4)
  2 dart slugs
  3 leopard geckos
  12 orcs (D:4)
  A ball python (D:2)
  5 bats
  7 giant cockroaches
  6 goblins
  6 hobgoblins
  2 jackals (D:4)
  4 kobolds
  2 quokkas
  4 frilled lizards
  10 rats
88 creatures vanquished.

Notes
Turn   | Place    | Note
-------+----------+-------------------------------------------
     0 | D:1      | Bergy the Gargoyle Fighter began the quest for the Orb.
     0 | D:1      | Reached XP level 1. HP: 14/14 MP: 1/1
   219 | D:1      | Reached XP level 2. HP: 19/19 MP: 2/2
   436 | D:1      | Reached skill level 3 in Maces & Flails
   689 | D:1      | Reached XP level 3. HP: 23/23 MP: 3/3
   929 | D:2      | Noticed Jessica
   936 | D:2      | Killed Jessica
   936 | D:2      | Reached skill level 4 in Maces & Flails
   960 | D:2      | Reached XP level 4. HP: 27/28 MP: 4/4
  2049 | D:3      | Reached skill level 5 in Maces & Flails
  2049 | D:3      | Reached XP level 5. HP: 30/32 MP: 5/5
  2302 | D:4      | Reached skill level 6 in Maces & Flails
  2340 | D:4      | Noticed an ogre
  2382 | D:4      | Killed an ogre
  2382 | D:4      | Reached XP level 6. HP: 22/37 MP: 6/6
  2830 | D:4      | Reached skill level 7 in Maces & Flails
  2931 | D:4      | Reached XP level 7. HP: 39/41 MP: 7/7
  3117 | D:4      | Noticed Natasha
  3121 | D:4      | Killed Natasha
  3121 | D:4      | Reached skill level 8 in Maces & Flails
  3261 | D:4      | Slain by an ogre

Levels and vault maps discovered:
D:1:      dpeg_arrival_pits, layout_loops_corners, minmay_misc_feat_hallway
D:2:      layout_loops_cross, uniq_jessica
D:3:      layout_basic
D:4:      minmay_spotlight, layout_loops_ring, uniq_natasha

Skill      XL: |  1  2  3  4  5  6  7 |
---------------+----------------------+-----
Maces & Flails | 3 4 5 6 7 8 |  8.0
Fighting       | |  3.2
Armour         | |  3.2
Shields        | |  3.2

Action                   |  1- 3 |  4- 6 |  7- 9 || total
-------------------------+-------+-------+-------++-------
Melee: Flail             |    83 |   228 |    75 ||   386
       Unarmed           |       |       |     2 ||     2
Evoke: Wand              |       |     1 |       ||     1
  Use: Scroll            |       |       |     4 ||     4
       Potion            |       |       |     1 ||     1
  Eat: Chunk             |       |     7 |     1 ||     8
Armor: Scale mail        |    54 |    97 |    21 ||   172
Dodge: Dodged            |    26 |    66 |    23 ||   115
Block: Shield            |    55 |    95 |       ||   150
       Large shield      |       |    33 |    59 ||    92
